 Dungeon Crawl Stone Soup version 0.29-a0-598-gd8304a5bf4 (webtiles) character file.

Game seed: 16465064782795316787

10733 dolemite99 the Thaumaturge (level 11, -1/83 HPs)
             Began as a Gnoll Earth Elementalist on June 16, 2022.
             Was an Elder of Sif Muna.
             Slain by a blink frog (6 damage)
             ... on level 1 of the Lair of Beasts.
             The game lasted 00:29:37 (20621 turns).

dolemite99 the Thaumaturge (GnEE)                  Turns: 20621, Time: 00:29:38

Health: -1/83      AC:  9    Str:  7    XL:     11   Next: 66%
Magic:  17/32      EV: 14    Int: 18    God:    Sif Muna [****..]
Gold:   411        SH:  5    Dex: 14    Spells: 5/26 levels left

rFire   + . .      SeeInvis .   b - +6 long sword (elec)
rCold   + . .      Faith    +   k - +0 buckler
rNeg    . . .      Spirit   .   B - +1 leather armour {rF+}
rPois   .          Reflect  .   A - +0 helmet
rElec   .          Harm     .   L - scarf {+Inv}
rCorr   .          Rampage  .   f - +2 pair of gloves
Will    .....                   (no boots)
Stlth   +++.......              v - amulet of faith
HPRegen 0.23/turn               s - ring of magical power
MPRegen 0.23/turn               d - ring of protection from cold

@: no status effects
A: fangs 1, strong nose, distributed training
a: Renounce Religion, Evoke Invisibility, Channel Magic, Forget Spell, Divine
Exegesis


You were on level 1 of the Lair of Beasts.
You worshipped Sif Muna.
Sif Muna was greatly pleased with you.
You visited 2 branches of the dungeon, and saw 13 of its levels.

You collected 620 gold pieces.
You spent 209 gold pieces at shops.

Inventory:

Hand Weapons
 a - a +2 dagger of venom
 b - a +6 long sword of electrocution (weapon)
 l - a +4 dire flail
 x - a +2 scimitar
 R - a +2 hand axe of venom
 V - a +0 hunting sling
Missiles
 m - 13 boomerangs
 n - 28 poisoned darts
 t - 9 javelins
 G - a throwing net
Armour
 f - a +2 pair of gloves (worn)
 k - a +0 buckler (worn)
 o - a scarf of harm
 A - a +0 helmet (worn)
 B - a +1 leather armour of fire resistance (worn)
 L - a scarf of invisibility (worn)
Magical Staves
 y - a staff of earth
 I - a staff of poison
Jewellery
 d - a ring of protection from cold (right hand)
 s - a ring of magical power (left hand)
 v - an amulet of faith (around neck)
 U - the ring of Cunlyff {rPois Str+6}
   (You found it on level 8 of the Dungeon)

   [ring of poison resistance]

   Str:       It affects your strength (+6).
   rPois:     It protects you from poison.
Wands
 c - a wand of mindburst (14)
 g - a wand of digging (5)
 O - a wand of iceblast (17)
Scrolls
 i - 2 scrolls of immolation
 w - 2 scrolls of silence
 J - a scroll of poison
Potions
 e - a potion of resistance
 j - a potion of berserk rage {unknown}
 p - 2 potions of degeneration
 r - 2 potions of magic
 u - 4 potions of haste
 E - a potion of brilliance
 F - 3 potions of flight
 H - 3 potions of attraction
 N - a potion of ambrosia {unknown}
 Q - 2 potions of might {unknown}


   Skills:
 + Level 6.5 Fighting
 + Level 6.5 Short Blades
 + Level 6.5 Long Blades
 + Level 6.5 Axes
 + Level 6.5 Maces & Flails
 + Level 6.5 Polearms
 + Level 6.5 Staves
 + Level 6.5 Slings
 + Level 6.5 Bows
 + Level 6.5 Crossbows
 + Level 6.5 Throwing
 + Level 6.5 Armour
 + Level 8.0 Dodging
 + Level 7.8 Stealth
 + Level 6.5 Shields
 + Level 6.5 Unarmed Combat
 + Level 8.3 Spellcasting
 + Level 5.4 Conjurations
 + Level 5.4 Hexes
 + Level 5.4 Summonings
 + Level 5.4 Necromancy
 + Level 5.4 Translocations
 + Level 5.8 Transmutations
 + Level 5.4 Fire Magic
 + Level 5.4 Ice Magic
 + Level 5.4 Air Magic
 + Level 7.8 Earth Magic
 + Level 5.4 Poison Magic
 + Level 7.1 Invocations
 + Level 6.5 Evocations


You had 5 spell levels left.
You knew the following spells:

 Your Spells              Type           Power      Damage    Failure   Level
a - Sandblast             Erth           70%        2d15      1%          1
b - Stone Arrow           Conj/Erth      62%        3d10      3%          3
c - Olgreb's Toxic Radia  Pois           26%        N/A       19%         4
d - Frozen Ramparts       Ice            52%        1d7       5%          3
e - Passwall              Tmut/Erth      26%        N/A       1%          2
f - Cause Fear            Hex            13%        N/A       19%         4
g - Static Discharge      Conj/Air       26%        N/A       2%          2
h - Poisonous Vapours     Pois/Air       52%        N/A       2%          2

Your spell library contained the following spells:

 Spells                   Type           Power      Damage    Failure   Level
 Freeze                   Ice            100%       1d11      1%          1
 Sting                    Tmut/Pois      100%       1d8       1%          1
 Ensorcelled Hibernation  Hex/Ice        52%        N/A       2%          2
 Scorch                   Fire           52%        2d7       2%          2
 Call Canine Familiar     Summ           26%        N/A       5%          3
 Confusing Touch          Hex            26%        N/A       5%          3
 Portal Projectile        Hex/Tloc       52%        N/A       5%          3
 Petrify                  Tmut/Erth      32%        N/A       10%         4
 Leda's Liquefaction      Hex/Erth       15%        N/A       11%         4
 Ice Form                 Ice/Tmut       27%        N/A       17%         4
 Hailstorm                Conj/Ice       26%        3d7       19%         4
 Yara's Violent Unravell  Hex/Tmut       13%        3d7       43%         5
 Simulacrum               Ice/Necr       13%        N/A       96%         6
 Dragon Form              Tmut           14%        N/A       100%        7
 Enfeeble                 Hex            13%        N/A       100%        7
 Dragon's Call            Summ           13%        N/A       100%        9


Dungeon Overview and Level Annotations

Branches:
Dungeon (12/15)            Temple (0/1) D:4            Lair (1/6) D:11
    Orc: D:9-12

Altars:
Fedhas
Hepliaklqana
Nemelex Xobeh
Ru
Sif Muna
Trog
Uskayaw
Vehumet
Xom
Yredelemnul
The Shining One

Shops:
D:2 (*=(!   D:3 (   D:9 [

Annotations:
D:6 2 runed translucent doors


Innate Abilities, Weirdness & Mutations

You have very sharp teeth.
Your uncanny sense of smell can sniff out nearby items.
Your experience applies equally to all skills.


Message History

Your toxic aura wanes.
You kill the blink frog!
Sif Muna accepts your kill. The blink frog closely misses you.
The blink frog blinks!
You block the bullfrog's attack.
The blink frog blinks!
Casting: Olgreb's Toxic Radiance (dangerous; 19% risk of failure)
Confirm with . or Enter, or press ? or * to list all spells.
Aiming: Sandblast (safe; 1% risk of failure)
Press: ? - help, Shift-Dir - straight line, f - bullfrog
Aim: a bullfrog (moderately wounded, very poisoned, 77% to hit)
The blast of sand hits the bullfrog!
The bullfrog is severely wounded.
You block the bullfrog's attack.
The bullfrog hits you but does no damage.
The komodo dragon bites you!! The bullfrog misses you. The blink frog hits you!
* * * LOW HITPOINT WARNING * * *
Casting: Sandblast (safe; 1% risk of failure)
Confirm with . or Enter, or press ? or * to list all spells.
Aiming: Sandblast (safe; 1% risk of failure)
Press: ? - help, Shift-Dir - straight line, f/p - bullfrog
Aim: a bullfrog (severely wounded, very poisoned, 77% to hit)
The blast of sand hits the bullfrog!!
You kill the bullfrog!
Sif Muna accepts your kill.
The komodo dragon bites you but does no damage.
You block the blink frog's attack. The komodo dragon bites you!
* * * LOW HITPOINT WARNING * * *
The blink frog barely misses you. x2
Casting: Sandblast (safe; 1% risk of failure)
Confirm with . or Enter, or press ? or * to list all spells.
Aiming: Sandblast (safe; 1% risk of failure)
Press: ? - help, Shift-Dir - straight line, f - komodo dragon
Aim: a komodo dragon (moderately wounded, poisoned, 87% to hit)
The blast of sand hits the komodo dragon!
The komodo dragon is heavily wounded.
The blink frog hits you.
* * * LOW HITPOINT WARNING * * *
You block the blink frog's attack. The komodo dragon closely misses you.
The blink frog closely misses you. The blink frog hits you.
You die...

# ## ### ### ###
###[#.###.#######.####.#
........F...............
......l@F#..####.#......
#####.....F.......#.....
#....#........#.....
........#........#.....
...#...................
.........P........#.....
........................
....#....#........#.....
...#.....#.#+#..#......


You could see a komodo dragon (poisoned) and 3 blink frogs.

Vanquished Creatures
  2 cyclopes (D:11)
  3 trolls
  A hornet (D:10)
  2 blink frogs (Lair:1)
  2 shadows
  3 wraiths
  A steam dragon (D:8)
  19 yaks
  3 vampire mosquitoes (D:11)
  A water moccasin (Lair:1)
  Duvessa (D:7)
  7 orc warriors
  An ice beast (D:6)
  4 black bears
  A sky beast (D:7)
  3 ogres
  A phantom (D:3)
  A kobold brigand (D:7)
  2 centaurs
  3 bullfrogs
  2 necrophages
  2 scorpions (D:5)
  A gnoll sergeant (D:7)
  7 wights (D:8)
  Dowan (D:7)
  9 killer bees
  5 howler monkeys
  An electric eel (D:7)
  8 orc priests
  5 hounds
  4 jellies
  17 orc wizards
  2 iguanas
  7 gnolls
  14 adders
  A shadow imp (D:5)
  A white imp (D:6)
  3 ufetubi
  3 worms
  4 dart slugs
  46 orcs
  6 ball pythons
  6 bats
  6 endoplasms
  3 giant cockroaches
  7 goblins
  9 hobgoblins
  7 kobolds
  5 quokkas
  3 frilled lizards
  8 rats
264 creatures vanquished.

Vanquished Creatures (others)
  A giant cockroach (D:3)
1 creature vanquished.

Grand Total: 265 creatures vanquished

Notes
Turn   | Place    | Note
-------+----------+-------------------------------------------
     0 | D:1      | dolemite99 the Gnoll Earth Elementalist began the quest for
                  | the Orb.
     0 | D:1      | Reached XP level 1. HP: 13/13 MP: 6/6
   224 | D:1      | Reached XP level 2. HP: 19/19 MP: 4/7
   628 | D:1      | Reached XP level 3. HP: 25/25 MP: 7/9
   700 | D:1      | Reached skill level 5 in Spellcasting
  1412 | D:2      | Reached skill level 1 in Fighting
  1412 | D:2      | Reached skill level 1 in Short Blades
  1412 | D:2      | Reached skill level 1 in Long Blades
  1412 | D:2      | Reached skill level 1 in Axes
  1412 | D:2      | Reached skill level 1 in Maces & Flails
  1412 | D:2      | Reached skill level 1 in Polearms
  1412 | D:2      | Reached skill level 1 in Staves
  1412 | D:2      | Reached skill level 1 in Slings
  1412 | D:2      | Reached skill level 1 in Bows
  1412 | D:2      | Reached skill level 1 in Crossbows
  1412 | D:2      | Reached skill level 1 in Throwing
  1412 | D:2      | Reached skill level 1 in Armour
  1412 | D:2      | Reached skill level 1 in Shields
  1412 | D:2      | Reached skill level 1 in Unarmed Combat
  1412 | D:2      | Reached skill level 1 in Invocations
  1412 | D:2      | Reached skill level 1 in Evocations
  1412 | D:2      | Reached XP level 4. HP: 32/32 MP: 9/11
  1443 | D:2      | Found Julacs's Antique Weapon Emporium.
  1627 | D:2      | Learned a level 2 spell: Passwall
  1631 | D:2      | Learned a level 3 spell: Stone Arrow
  1636 | D:2      | Found Puheimi's General Store.
  1643 | D:2      | Bought a scroll of identify for 26 gold pieces
  1643 | D:2      | Bought 3 poisoned darts for 15 gold pieces
  1643 | D:2      | Bought a potion of curing for 39 gold pieces
  2023 | D:2      | Found a sacrificial altar of Ru.
  2066 | D:2      | Became a worshipper of Ru the Awakened
  2091 | D:2      | Found Ruxzymob's Weapon Shop.
  2118 | D:2      | Bought 5 poisoned darts for 24 gold pieces
  2170 | D:2      | Found Reedow's Distillery.
  2223 | D:2      | Found Xiatrad's Jewellery Shoppe.
  2681 | D:3      | Reached skill level 1 in Conjurations
  2681 | D:3      | Reached skill level 1 in Hexes
  2681 | D:3      | Reached skill level 1 in Summonings
  2681 | D:3      | Reached skill level 1 in Necromancy
  2681 | D:3      | Reached skill level 1 in Translocations
  2681 | D:3      | Reached skill level 1 in Fire Magic
  2681 | D:3      | Reached skill level 1 in Ice Magic
  2681 | D:3      | Reached skill level 1 in Air Magic
  2681 | D:3      | Reached skill level 1 in Poison Magic
  3035 | D:3      | Found a hide-covered altar of Uskayaw.
  3037 | D:3      | Found a shimmering blue altar of Sif Muna.
  3037 | D:3      | Found a basalt altar of Yredelemnul.
  3077 | D:3      | Fell from the grace of Ru
  3077 | D:3      | Became a worshipper of Sif Muna the Loreminder
  3140 | D:3      | Reached XP level 5. HP: 17/37 MP: 10/12
  3307 | D:3      | Found a faded altar of an unknown god.
  3574 | D:3      | Noticed a phantom
  3579 | D:3      | Killed a phantom
  3580 | D:3      | Reached XP level 6. HP: 44/44 MP: 13/13
  3752 | D:3      | Reached * piety under Sif Muna
  3856 | D:3      | Found Ibenlap's Antique Weapon Emporium.
  4095 | D:3      | Learned a level 1 spell: Sandblast
  4244 | D:4      | Reached skill level 5 in Dodging
  4384 | D:4      | Found a hazy altar of Hepliaklqana.
  4942 | D:4      | Found a sacrificial altar of Ru.
  5006 | D:4      | Found a staircase to the Ecumenical Temple.
  5015 | D:4      | Identified the +0 ring mail of the Slimy God {Str+3 Int+5}
  5190 | D:4      | Reached XP level 7. HP: 35/50 MP: 15/15
  5538 | D:5      | Entered Level 5 of the Dungeon
  5656 | D:5      | Identified the +2 robe "Sumagraz" {rC+}
  5733 | D:5      | Reached ** piety under Sif Muna
  6076 | D:5      | Reached skill level 5 in Stealth
  6191 | D:5      | Reached XP level 8. HP: 57/57 MP: 16/16
  6413 | D:5      | Got Magic in Simple Steps
  6429 | D:5      | Learned a level 3 spell: Frozen Ramparts
  6432 | D:5      | Learned a level 2 spell: Poisonous Vapours
  8209 | D:6      | Found a large runed translucent door.
  8209 | D:6      | Found a large runed translucent door.
  8210 | D:6      | Found a shimmering altar of Xom.
  8311 | D:7      | Noticed Duvessa
  8324 | D:7      | Killed Duvessa
  8325 | D:7      | Reached XP level 9. HP: 40/65 MP: 15/18
  8340 | D:7      | Noticed Dowan
  8346 | D:7      | Killed Dowan
 10949 | D:7      | Found a radiant altar of Vehumet.
 10981 | D:7      | Reached *** piety under Sif Muna
 11371 | D:7      | Reached skill level 5 in Invocations
 11399 | D:7      | Found a bloodstained altar of Trog.
 11402 | D:7      | Found a sparkling altar of Nemelex Xobeh.
 12592 | D:8      | Reached XP level 10. HP: 64/73 MP: 20/20
 12748 | D:8      | Identified the ring of Cunlyff {rPois Str+6}
 13093 | D:8      | Reached skill level 5 in Fighting
 13093 | D:8      | Reached skill level 5 in Short Blades
 13093 | D:8      | Reached skill level 5 in Long Blades
 13093 | D:8      | Reached skill level 5 in Axes
 13093 | D:8      | Reached skill level 5 in Maces & Flails
 13093 | D:8      | Reached skill level 5 in Polearms
 13093 | D:8      | Reached skill level 5 in Staves
 13093 | D:8      | Reached skill level 5 in Slings
 13093 | D:8      | Reached skill level 5 in Bows
 13093 | D:8      | Reached skill level 5 in Crossbows
 13093 | D:8      | Reached skill level 5 in Throwing
 13093 | D:8      | Reached skill level 5 in Armour
 13093 | D:8      | Reached skill level 5 in Shields
 13093 | D:8      | Reached skill level 5 in Unarmed Combat
 13093 | D:8      | Reached skill level 5 in Evocations
 13604 | D:8      | Found a glowing golden altar of the Shining One.
 14368 | D:9      | Found Kyetaff's Antique Armour Emporium.
 14371 | D:9      | Bought a runed leather armour for 105 gold pieces
 15947 | D:9      | Reached skill level 5 in Transmutations
 16235 | D:10     | Entered Level 10 of the Dungeon
 16269 | D:10     | Reached **** piety under Sif Muna
 17050 | D:10     | Found a blossoming altar of Fedhas.
 17141 | D:10     | Reached XP level 11. HP: 68/81 MP: 13/22
 17832 | D:10     | Reached skill level 5 in Conjurations
 17832 | D:10     | Reached skill level 5 in Hexes
 17832 | D:10     | Reached skill level 5 in Summonings
 17832 | D:10     | Reached skill level 5 in Necromancy
 17832 | D:10     | Reached skill level 5 in Translocations
 17832 | D:10     | Reached skill level 5 in Fire Magic
 17832 | D:10     | Reached skill level 5 in Ice Magic
 17832 | D:10     | Reached skill level 5 in Air Magic
 17832 | D:10     | Reached skill level 5 in Poison Magic
 18756 | D:10     | Learned a level 4 spell: Cause Fear
 18759 | D:10     | Learned a level 2 spell: Static Discharge
 18906 | D:11     | Noticed a cyclops
 18913 | D:11     | Killed a cyclops
 19785 | D:11     | Found a staircase to the Lair.
 19815 | D:11     | Noticed a cyclops
 19815 | D:11     | Noticed a boulder beetle
 19848 | D:11     | Killed a cyclops
 20507 | Lair:1   | Entered Level 1 of the Lair of Beasts
 20525 | Lair:1   | Learned a level 4 spell: Olgreb's Toxic Radiance
 20621 | Lair:1   | Slain by a blink frog

Illustrated notes

Levels and vault maps discovered:
D:1:      lightli_arrival_farm, layout_basic
D:2:      layout_loops_ring, serial_shops, nicolae_shop_hallway_plus,
          nicolae_shop_stone, nicolae_shop_advertising_works
          [nicolae_subvault_shop_adworks], nicolae_shop_waterfront,
          nicolae_shop_crystal, basic_altar
D:3:      layout_loops_cross, chequers_temple_overflow_statue_of_worship,
          ebering_ecumenical_altar_abandoned, serial_shops, shop
D:4:      layout_gridville, nicolae_overflow_crystal_walls, lemuel_round_altar,
          minmay_temple_entry_mist, grunt_ministairs_6
D:5:      minmay_octagon_keep, layout_basic
D:6:      due_chaos_kobolds, layout_loops_corners
D:7:      layout_basic, nicolae_vehumet_altar_sigil, nicolae_overflow_squiral,
          uniq_duvessa
D:8:      layout_basic, mainiacjoe_overflow_alcove_1
D:9:      layout_roguey, serial_shops, kennysheep_mini_moat, serial_rivers,
          chequers_serial_rivers_small_a, chequers_serial_rivers_room_a,
          chequers_serial_rivers_micro_e, chequers_serial_rivers_micro_b,
          chequers_serial_rivers_micro_c, minmay_misc_feat_hallway
D:10:     hellmonk_crumbling_castle, layout_cave_pods, fedhas_altar_3,
          hangedman_abyss_or_decor_stabs, minmay_misc_feat_x
D:11:     layout_loops_ring, lair_entry_dummy, special_room [special_room_bee]
D:12:     layout_loops_corners, erik_orc_2, wad_rectangle_vault, uniq_psyche
Lair:1:   layout_regular_city, lightli_volcano_entry_magma_tube,
          beast_lair_carwin_11

Skill      XL: |  1  2  3  4  5  6  7  8  9 10 11 |
---------------+----------------------------------+-----
Transmutations | 2 3 4 5 |  5.8
Spellcasting   | 5 6 7 8 |  8.3
Fighting       | 1 2 3 4 5 6 |  6.5
Short Blades   | 1 2 3 4 5 6 |  6.5
Long Blades    | 1 2 3 4 5 6 |  6.5
Axes           | 1 2 3 4 5 6 |  6.5
Maces & Flails | 1 2 3 4 5 6 |  6.5
Polearms       | 1 2 3 4 5 6 |  6.5
Staves         | 1 2 3 4 5 6 |  6.5
Slings         | 1 2 3 4 5 6 |  6.5
Bows           | 1 2 3 4 5 6 |  6.5
Crossbows      | 1 2 3 4 5 6 |  6.5
Throwing       | 1 2 3 4 5 6 |  6.5
Armour         | 1 2 3 4 5 6 |  6.5
Shields        | 1 2 3 4 5 6 |  6.5
Unarmed Combat | 1 2 3 4 5 6 |  6.5
Invocations    | 1 2 3 4 5 6 7 |  7.1
Evocations     | 1 2 3 4 5 6 |  6.5
Conjurations   | 1 2 3 4 5 |  5.4
Hexes          | 1 2 3 4 5 |  5.4
Summonings     | 1 2 3 4 5 |  5.4
Necromancy     | 1 2 3 4 5 |  5.4
Translocations | 1 2 3 4 5 |  5.4
Fire Magic     | 1 2 3 4 5 |  5.4
Ice Magic      | 1 2 3 4 5 |  5.4
Air Magic      | 1 2 3 4 5 |  5.4
Poison Magic   | 1 2 3 4 5 |  5.4
Dodging        | 5 6 7 8 |  8.0
Stealth        | 5 6 7 |  7.8
Earth Magic    | 6 7 |  7.8

Action                   |  1- 3 |  4- 6 |  7- 9 | 10-12 || total
-------------------------+-------+-------+-------+-------++-------
Melee: Dagger            |       |     8 |       |       ||     8
       Bite              |       |     1 |       |     7 ||     8
       Punch             |       |     1 |       |     1 ||     2
       Long sword        |       |       |       |    45 ||    45
 Fire: Hunting sling     |       |    12 |   100 |    14 ||   126
 Cast: Sandblast         |    34 |    98 |   167 |   149 ||   448
       Stone Arrow       |       |     1 |    25 |    32 ||    58
       Poisonous Vapours |       |       |    57 |    29 ||    86
       Frozen Ramparts   |       |       |       |     6 ||     6
       Olgreb's Toxic Ra |       |       |       |     2 ||     2
Invok: Channel Magic     |       |       |     2 |       ||     2
Evoke: Wand              |       |       |       |     9 ||     9
  Use: Potion            |     2 |     3 |     5 |     6 ||    16
       Scroll            |       |    12 |     7 |     8 ||    27
Armor: Robe              |    12 |    26 |    78 |    15 ||   131
       Leather armour    |       |       |       |    54 ||    54
Dodge: Dodged            |    43 |    56 |   220 |   173 ||   492
Block: Buckler           |       |       |       |    49 ||    49

Table legend: (Time is in decaauts)
 A = Elapsed time spent in this place.
 B = Non-inter-level travel time spent in this place.
 C = Inter-level travel time spent in this place.
 D = Time resting spent in this place.
 E = Time spent auto-exploring this place.
 F = Levels seen in this place.
 G = Mean time per level.
                   A        B        C        D        E       F      G
               +--------+--------+--------+--------+--------+-----+--------+
         Total |  21157 |  20755 |    402 |   9189 |   8180 |  13 | 1627.5 |
       Dungeon |  21034 |  20632 |    402 |   9189 |   8095 |  12 | 1752.8 |
          Lair |    122 |    122 |      0 |      0 |     85 |   1 |  122.0 |
               +--------+--------+--------+--------+--------+-----+--------+

Top non-repeatable levels by time:
     D:7: 3830 daAuts
     D:9: 2848 daAuts
    D:10: 2741 daAuts
     D:8: 1614 daAuts
     D:6: 1577 daAuts
     D:5: 1554 daAuts
     D:3: 1553 daAuts
     D:1: 1453 daAuts
     D:4: 1428 daAuts
     D:2: 1254 daAuts
    D:11: 1174 daAuts
  Lair:1: 122 daAuts
    D:12: 1 daAuts
